AoeStats
← #Patte

Lombardia

509720800Analyzed
4v4 RM · 3d ago on Sep 27, 2026· 61m 24s· 8 players
Game mode
Random Map
Map size
Large (8 player)
Population
200
Speed
Normal
Resources
Standard
Victory
Conquest
Starting age
Dark Age
Ending age
Imperial Age
RankedLock teamsTeams togetherTeam positionsShared explorationLock speedFull tech treeHidden civsTurbo modeCheats
Victory
Defeat
🇦🇹 Lithuanians · Austria
1084
+13
🇩🇪 Huns · Germany
1050
+14
🇩🇪 Mongols · Germany
984
+17
🇩🇪 Poles · Germany
891
+21
🇺🇸 Vietnamese · United States
1031
-17
🇳🇴 Franks · Norway
1024
-44
1000
-48
🇹🇷 Mongols · Türkiye
969
-15
ВЫКИДЫШ ДОНБАСС
7:40 Loom
...
SiegeGodlys
10:51 Feudal Age
10:51 Loom
14:53 Castle Age
12:54 Double-Bit Axe
21:34 Bow Saw
27:06 Wheelbarrow
30:13 Imperial Age
28:53 Forging
28:48 Scale Barding Armor
28:53 Forging
28:49 Scale Barding Armor
30:17 Cavalier
30:59 Husbandry
31:34 Chain Barding Armor
31:49 Iron Casting
31:36 Chivalry
33:16 Plate Barding Armor
33:03 Conscription
32:51 Paladin
35:13 Gold Mining
37:23 Blast Furnace
KarasukWarrior
12:06 Feudal Age
13:20 Loom
16:23 Castle Age
14:52 Double-Bit Axe
16:41 Forging
17:20 Husbandry
18:12 Iron Casting
23:10 Bloodlines
23:26 Scale Barding Armor
32:01 Horse Collar
37:25 Chain Barding Armor
46:11 Imperial Age
45:03 Ballistics
46:00 Light Cavalry
46:33 Heavy Scorpion
48:12 Bow Saw
48:40 Wheelbarrow
49:04 Drill
48:30 Capped Ram
49:37 Hand Cart
49:27 Heavy Plow
50:50 Siege Ram
55:28 Chemistry
#Patte
3:24 Loom
12:39 Feudal Age
13:19 Double-Bit Axe
14:01 Horse Collar
15:42 Bloodlines
16:48 Wheelbarrow
18:45 Scale Barding Armor
18:44 Town Watch
20:22 Forging
26:50 Fletching
32:10 Castle Age
30:23 Scale Mail Armor
31:27 Gold Mining
31:30 Stone Mining
32:59 Heavy Plow
33:14 Bow Saw
33:15 Husbandry
33:53 Chain Barding Armor
35:02 Iron Casting
38:38 Sanctity
40:39 Pikeman
41:20 Squires
41:38 Chain Mail Armor
54:45 Imperial Age
56:23 Padded Archer Armor
59:28 Halberdier
CeBe
14:06 Feudal Age
14:52 Double-Bit Axe
18:09 Castle Age
18:43 Gold Mining
22:14 Light Cavalry
23:59 Bloodlines
29:34 Forging
29:30 Scale Barding Armor
33:57 Iron Casting
33:43 Chain Barding Armor
44:37 Imperial Age
48:10 Conscription
49:25 Town Watch
49:29 Loom
50:19 Wheelbarrow
50:23 Hussar
52:18 Blast Furnace
MOrat
11:21 Feudal Age
15:41 Castle Age
17:13 Double-Bit Axe
17:12 Horse Collar
19:12 Bow Saw
22:09 Heavy Plow
22:34 Gold Mining
22:34 Stone Mining
28:43 Forging
28:34 Scale Mail Armor
28:39 Scale Barding Armor
28:35 Padded Archer Armor
28:26 Fletching
29:51 Sanctity
29:32 Devotion
29:42 Redemption
30:18 Ballistics
29:49 Loom
30:39 Wheelbarrow
29:50 Town Watch
31:55 Iron Casting
31:36 Chain Mail Armor
32:24 Caravan
32:11 Pikeman
32:51 Squires
33:49 Hand Cart
33:40 Stone Mining
35:07 Husbandry
35:20 Bloodlines
34:31 Light Cavalry
43:20 Imperial Age
41:34 Chain Barding Armor
42:01 Town Patrol
42:40 Stone Shaft Mining
42:25 Arson
46:47 Blast Furnace
50:18 Cavalier
53:59 Plate Mail Armor
Manu
12:29 Feudal Age
12:48 Loom
14:38 Double-Bit Axe
18:12 Castle Age
16:06 Horse Collar
17:10 Forging
18:08 Bloodlines
19:28 Iron Casting
24:59 Scale Barding Armor
25:27 Husbandry
27:21 Bow Saw
31:35 Wheelbarrow
30:47 Town Watch
34:58 Imperial Age
34:21 Hand Cart
34:29 Chain Barding Armor
35:37 Heavy Plow
35:15 Cavalier
37:30 Plate Barding Armor
37:23 Paladin
37:27 Pikeman
40:38 Halberdier
42:02 Squires
42:06 Scale Mail Armor
44:12 Chain Mail Armor
50:18 Conscription
50:10 Tower Shields
50:05 Onager
53:57 Chemistry
53:18 Ballistics
57:15 Fletching
56:50 Light Cavalry
60:45 Winged Hussar
Connection lost

Rejoining the realm…

Still unreachable

The connection could not be restored.

Session expired

The server has moved on; the page needs a fresh start.